Workbook

Sheet PRESUPUESTO 
B2: PRESUPUESTO OFICIAL
B3: ESTUDIOS TÉCNICOS AERONÁUTICOS OPERACIONAL DEL AERÓDROMO JERÓNIMO DE AGUAYO DEL MUNICIPIO DE MÁLAGA, SANTANDER
B5: DURACION PROYECTO | D5: 4 | E5: MESES
B6: 1 | C6: PRODUCTO No.1 ESTUDIOS DE PREINVERSION
B7: ÍTEM | C7: DESCRIPCIÓN | D7: UNIDAD | E7: CANTIDAD | F7: VALOR UNITARIO | G7: VALOR TOTAL
B8: 1.1 | C8: Levantamiento Panorama de Peligros | D8: UND. | E8: 1 | F8: =+'Vlrs PROMEDIO'!I7 -> 22700000 | G8: =+E8*F8 -> 22700000 | I8: =+((G8*19%)+G8)*1.4 -> 37818200 | J8: 37818200
B9: 1.2 | C9: Gestión Técnica y Acompañamiento durante el proceso | D9: UND. | E9: 1 | F9: =+'Vlrs PROMEDIO'!I8 -> 19353333 | G9: =+E9*F9 -> 19353333 | I9: =+((G9*19%)+G9)*1.4 -> 32242653 | J9: 32242653
B10: 1.3 | C10: Estudio y Diseño de Procedimientos de vuelo | D10: UND. | E10: 1 | F10: =+'Vlrs PROMEDIO'!I9 -> 61519500 | G10: =+E10*F10 -> 61519500 | I10: =+((G10*19%)+G10)*1.4 -> 102491487 | J10: 102491487
B11: 1.4 | C11: Estudio de Demarcación | D11: UND. | E11: 1 | F11: =+'Vlrs PROMEDIO'!I10 -> 25570500 | G11: =+E11*F11 -> 25570500 | I11: =+((G11*19%)+G11)*1.4 -> 42600453 | J11: 42600453
B12: 1.5 | C12: Estudio Levantamiento de Obstáculos | D12: UND. | E12: 1 | F12: =+'Vlrs PROMEDIO'!I11 -> 44866667 | G12: =+E12*F12 -> 44866667 | I12: =+((G12*19%)+G12)*1.4 -> 74747867 | J12: 74747867
B13: SUBTOTAL DE PRODUCTO No.3 | G13: =SUM(G8:G12) -> 174010000
B14: SUBTOTAL COSTO DEL PROYECTO = (A) | G14: =+G13 -> 174010000
B15: FACTOR MULTIPLICADOR = (B) | G15: =+'FM 1,4'!I27 -> 1.4
B16: VALOR TOTAL BASICO = ( C ) | G16: =+G15*G14 -> 2.43614e+08
B17: IVA = 19%* (C) | F17: 0.19 | G17: =+F17*G16 -> 46286660
B18: COSTO TOTAL BASICO CON IVA= (C) + (D) = (E) | G18: =+G16+G17 -> 2.8990066e+08 | I18: =SUM(I6:I17) -> 289900660
B19: VALOR TOTAL DEL PROYECTO | G19: =+G18 -> 2.8990066e+08 | I19: =+I18 -> 289900660
I23: =+G19/2 -> 1.4495033e+08
B25: Carlos Andres Castillo Ruiz
B26: Ingeniero Civil - CPS-Profesional de apoyo
B27: M.P.68202-305545 STD
G31: =+F37*1.37 -> 209580000 | I31: =+G31*1.19 -> 249400200
F32: =+F33/1.37 -> 5.0992701e+08 | G32: =+F38*1.37 -> 244510000 | I32: =+G32*1.19 -> 290966900
F33: =+F34/1.19 -> 698600000 | G33: =+F39*1.37 -> 104790000 | I33: =+G33*1.19 -> 124700100
F34: 831334000 | G34: =+F40*1.37 -> 139720000 | I34: =+G34*1.19 -> 166266800
E37: 0.3 | F37: =+E37*$F$32 -> 1.529781e+08
E38: 0.35 | F38: =+E38*$F$32 -> 1.7847445e+08
E39: 0.15 | F39: =+E39*$F$32 -> 76489051
E40: 0.2 | F40: =+E40*$F$32 -> 1.019854e+08

Sheet CRONOGRAMA - FLUJO FONDOS
C2: CRONOGRAMA DE ACTVIDADES Y FLUJO DE FONDOS
C3: ESTUDIOS TÉCNICOS AERONÁUTICOS OPERACIONAL DEL AERÓDROMO JERÓNIMO DE AGUAYO DEL MUNICIPIO DE MÁLAGA, SANTANDER
C5: DURACIÓN DEL PROYECTO | E5: =+'PRESUPUESTO '!D5 -> 4 | F5: MESES | I5: MES 1 | J5: MES 2 | K5: MES 3 | L5: MES 4
C6: ASPECTOS TÉCNICOS ENTREGABLES
C7: =+'PRESUPUESTO '!B6 -> 1 | D7: PRODUCTO No.1 ESTUDIOS DE PREINVERSION
C8: ÍTEM | D8: DESCRIPCIÓN | E8: UNIDAD | F8: CANTIDAD | G8: VALOR UNITARIO | H8: VALOR TOTAL
C9: =+'PRESUPUESTO '!B8 -> 1.1 | D9: =+'PRESUPUESTO '!C8 -> Levantamiento Panorama de Peligros | E9: =+'PRESUPUESTO '!D8 -> UND. | F9: =+'PRESUPUESTO '!E8 -> 1 | G9: =+'PRESUPUESTO '!F8 -> 22700000 | H9: =+G9*F9 -> 22700000 | I9: =+$H$9/$F$9 -> 22700000
C11: =+'PRESUPUESTO '!B10 -> 1.3 | D11: =+'PRESUPUESTO '!C10 -> Estudio y Diseño de Procedimientos de vuelo | E11: =+'PRESUPUESTO '!D10 -> UND. | F11: =+'PRESUPUESTO '!E10 -> 1 | G11: =+'PRESUPUESTO '!F10 -> 61519500 | H11: =+G11*F11 -> 61519500 | J11: =+$H$11/2 -> 30759750 | K11: =+$H$11/2 -> 30759750
C13: =+'PRESUPUESTO '!B9 -> 1.2 | D13: =+'PRESUPUESTO '!C9 -> Gestión Técnica y Acompañamiento durante el proceso | E13: =+'PRESUPUESTO '!D9 -> UND. | F13: =+'PRESUPUESTO '!E9 -> 1 | G13: =+'PRESUPUESTO '!F9 -> 19353333 | H13: =+G13*F13 -> 19353333 | J13: =+$H$13/2 -> 9676666.5 | K13: =+$H$13/2 -> 9676666.5
C15: =+'PRESUPUESTO '!B11 -> 1.4 | D15: =+'PRESUPUESTO '!C11 -> Estudio de Demarcación | E15: =+'PRESUPUESTO '!D11 -> UND. | F15: =+'PRESUPUESTO '!E11 -> 1 | G15: =+'PRESUPUESTO '!F11 -> 25570500 | H15: =+G15*F15 -> 25570500 | L15: =+$H$15/F15 -> 25570500
C17: =+'PRESUPUESTO '!B12 -> 1.5 | D17: =+'PRESUPUESTO '!C12 -> Estudio Levantamiento de Obstáculos | E17: =+'PRESUPUESTO '!D12 -> UND. | F17: =+'PRESUPUESTO '!E12 -> 1 | G17: =+'PRESUPUESTO '!F12 -> 44866667 | H17: =+G17*F17 -> 44866667 | L17: =+$H$17/$F$17 -> 44866667
C19: SUBTOTAL COSTO DEL PROYECTO | H19: =+H9+H11+H13+H15+H17 -> 174010000
C20: FACTOR MULTIPLICADOR = (B) | H20: =+'FM 1,4'!I27 -> 1.4
C21: VALOR TOTAL BASICO (A) + (B) = ( C ) | H21: =+H19*H20 -> 2.43614e+08
C22: IVA = 19%* (C) | G22: 0.19 | H22: =+G22*H21 -> 46286660
C23: COSTO TOTAL BASICO CON IVA= (C) + (D) = (E) | H23: =+H21+H22 -> 2.8990066e+08
C24: VALOR TOTAL DEL PROYECTO | H24: =+H23 -> 2.8990066e+08 | I24: =+((+I9+I11+I13+I15+I17)*1.5)*1.19 -> 40519500 | J24: =+((+J9+J11+J13+J15+J17)*1.5)*1.19 -> 72179003 | K24: =+((+K9+K11+K13+K15+K17)*1.5)*1.19 -> 72179003 | L24: =+((+L9+L11+L13+L15+L17)*1.5)*1.19 -> 1.2573034e+08
C31: Carlos Andres Castillo Ruiz
C32: Ingeniero Civil - CPS-Profesional de apoyo
C33: M.P.68202-305545 STD

Sheet FM 1,4
B2: FACTOR MULTIPLICADOR - PERSONAL CONSULTORIA E INTERVENTORIA
B3: PROYECTO: | D3: ESTUDIOS TÉCNICOS AERONÁUTICOS OPERACIONAL DEL AERÓDROMO JERÓNIMO DE AGUAYO DEL MUNICIPIO DE MÁLAGA, SANTANDER
C4: CONCEPTO | I4: %
C5: FACTOR | I5: 100
B6: 1 | C6: GASTOS ORDENANZALES
B7: 1.1 | C7: PRO-UIS | I7: 2
B8: 1.2 | C8: PRO-HOSPITAL | I8: 2
B9: 1.3 | C9: PRO-DESAROLLO | I9: 2
B10: 1.4 | C10: PRO-CULTURA | I10: 2
B11: 1.5 | C11: PRO -ELECTRIFICACION | I11: 2
B12: 1.6 | C12: BIENESTAR ADULTO MAYOR | I12: 2
B13: 1.7 | C13: PRO-DEPORTE | I13: 2
B14: 1.8 | C14: SISTEMA Y COMPUTADORES OTROS CONCEPTOS (ORDENANZA) | I14: 1.4
C15: Sub-Total | I15: =SUM(I7:I14) -> 15.4
B16: 2 | C16: =+UPPER("Gastos Generales") -> GASTOS GENERALES
B17: 2.1 | C17: Asesoria Contable Tributaria y Juridica | I17: 6
B18: 2.2 | C18: Gastos de Representanción | I18: 4
B19: 2.3 | C19: Personal Administrativo y Profesional no facturado | I19: 5
B20: 2.4 | C20: Gastos bancarios | I20: 1
B21: 2.5 | C21: Garantias contractuales | I21: 4
C22: Sub-Total | I22: =SUM(I17:I21) -> 20
B23: 3 | C23: UTILIDAD
B24: 3.1 | C24: Utilidad | I24: 5
C25: Sub-Total | I25: =SUM(I24) -> 5
C26: TOTAL | I26: =ROUND(+I15+I22+I25+I5,0) -> 140
B27: FACTOR MULTIPLICADOR FINAL | I27: =+ROUND(I26/100,4) -> 1.4
B32: =+'PRESUPUESTO '!B25:C25 -> Carlos Andres Castillo Ruiz
B33: =+'PRESUPUESTO '!B26:C26 -> Ingeniero Civil - CPS-Profesional de apoyo
B34: =+'PRESUPUESTO '!B27:C27 -> M.P.68202-305545 STD

Sheet Vlrs PROMEDIO
B2: COTIZACIONES
B3: ESTUDIOS TÉCNICOS AERONÁUTICOS OPERACIONAL DEL AERÓDROMO JERÓNIMO DE AGUAYO DEL MUNICIPIO DE MÁLAGA, SANTANDER
B5: 1 | C5: ACTIVIDAD No.1 DOCUMENTO DE PLANEACIÓN PRELIMINAR
B6: ÍTEM | C6: DESCRIPCIÓN | D6: UNIDAD | E6: CANTIDAD | F6: PROPUESTA A&L INGENIEROS CONSULTORES S.A.S | G6: PROPUESTA ARISEM | H6: PROPUESTA C & TF CONSULTING & TRAINING FOUNDATION | I6: VALOR PROMEDIO
B7: 1.1.1 | C7: =+'PRESUPUESTO '!C8 -> Levantamiento Panorama de Peligros | D7: UND. | E7: 1 | F7: 18000000 | G7: 20000000 | H7: 30100000 | I7: =+ROUND(AVERAGE(F7:H7),0) -> 22700000
B8: 1.1.2 | C8: =+'PRESUPUESTO '!C9 -> Gestión Técnica y Acompañamiento durante el proceso | D8: UND. | E8: 1 | F8: 22000000 | G8: 15000000 | H8: 21060000 | I8: =+ROUND(AVERAGE(F8:H8),0) -> 19353333
B9: 2.1.1 | C9: =+'PRESUPUESTO '!C10 -> Estudio y Diseño de Procedimientos de vuelo | D9: UND. | E9: 1 | F9: 56000000 | G9: 64500000 | H9: 64058500 | I9: =+ROUND(AVERAGE(F9:H9),0) -> 61519500
B10: 3.1.1 | C10: =+'PRESUPUESTO '!C11 -> Estudio de Demarcación | D10: UND. | E10: 1 | F10: 20000000 | G10: 25000000 | H10: 31711500 | I10: =+ROUND(AVERAGE(F10:H10),0) -> 25570500
B11: 3.1.2 | C11: =+'PRESUPUESTO '!C12 -> Estudio Levantamiento de Obstáculos | D11: UND. | E11: 1 | F11: 44000000 | G11: 52600000 | H11: 38000000 | I11: =+ROUND(AVERAGE(F11:H11),0) -> 44866667
F13: =+F7+F9+F8+F10+F11 -> 160000000 | G13: =+G7+G9+G8+G10+G11 -> 177100000 | H13: 286000000
B17: Carlos Andres Castillo Ruiz
B18: Ingeniero Civil - CPS-Profesional de apoyo
B19: M.P.68202-305545 STD
I23: =+F29*1.37 -> 209580000
F24: =+F25/1.37 -> 5.0992701e+08 | I24: =+F30*1.37 -> 244510000
F25: =+F26/1.19 -> 698600000 | I25: =+F31*1.37 -> 104790000
F26: 831334000 | I26: =+F32*1.37 -> 139720000
E29: 0.3 | F29: =+E29*$F$24 -> 1.529781e+08
E30: 0.35 | F30: =+E30*$F$24 -> 1.7847445e+08
E31: 0.15 | F31: =+E31*$F$24 -> 76489051
E32: 0.2 | F32: =+E32*$F$24 -> 1.019854e+08
